 Dungeon Crawl Stone Soup version 0.29.1-13-g9f3cf754e1 (webtiles) character file.

Game seed: 3437284601956912598

28 Descartes the Scratcher (level 2, 0/12 HPs)
             Began as a Felid Transmuter on Feb 8, 2023.
             Slain by a bat (1 damage)
             ... on level 2 of the Dungeon.
             The game lasted 00:01:29 (1115 turns).

Descartes the Scratcher (Felid Transmuter)          Turns: 1115, Time: 00:01:30

Health: 0/12       AC:  1    Str:  6    XL:     2   Next: 96%
Magic:  15/15      EV: 17    Int: 14    God:
Gold:   41         SH:  0    Dex: 16    Spells: 4/5 levels left
                                        Lives:  0   Deaths: 0

rFire   . . .      SeeInvis +     - Unarmed
rCold   . . .      Faith    .   (shield unavailable)
rNeg    . . .      Spirit   .   (body armour unavailable)
rPois   .          Reflect  .   (helmet unavailable)
rElec   .          Harm     .   (cloak unavailable)
rCorr   .          Rampage  .   (gloves unavailable)
Will    .....                   (boots unavailable)
Stlth   ++........              (no amulet)
HPRegen 0.04/turn               d - ring of magical power
MPRegen 0.14/turn               (no ring)

@: quick
A: very small, claws 1, fangs 3, see invisible, speed 1, shaggy fur 1, stealthy
paws, no weapons or thrown items, no armour, multi-lived
a: no special abilities


You were on level 2 of the Dungeon.
You visited 1 branch of the dungeon, and saw 2 of its levels.

You collected 41 gold pieces.

Inventory:

Jewellery
 d - a ring of magical power (left paw)
Scrolls
 b - a scroll of teleportation {unknown}
 h - a scroll of blinking {unknown}
Potions
 a - a potion of lignification
 c - a potion of curing {unknown}
 e - a potion of ambrosia {unknown}
 f - a potion of might {unknown}
 g - a potion of degeneration {unknown}
 i - 2 potions of heal wounds {unknown}


   Skills:
 + Level 1.3 Fighting
 + Level 3.0 Dodging
 + Level 1.1 Stealth
 + Level 3.1 Unarmed Combat
 + Level 2.2 Spellcasting
 + Level 1.1 Translocations
 + Level 2.4 Transmutations
 + Level 0.7 Invocations


You had 4 spell levels left.
You knew the following spells:

 Your Spells              Type           Power      Damage    Failure   Level
a - Beastly Appendage     Tmut           16%        N/A       9%          1

Your spell library contained the following spells:

 Spells                   Type           Power      Damage    Failure   Level
 Wereblood                Tmut           8%         N/A       13%         2
 Spider Form              Tmut/Pois      4%         N/A       38%         3
 Ice Form                 Ice/Tmut       4%         N/A       80%         4


Dungeon Overview and Level Annotations

Branches:
Dungeon (2/15)

Altars:

Annotations:
D:2 Jessica


Innate Abilities, Weirdness & Mutations

You have sharp claws.
You have razor-sharp teeth.
You have supernaturally acute eyesight. (SInv)
You cover ground quickly. (Speed+)
You are covered in fur. (AC +1)
Your paws help you pounce on unaware monsters.
You are incapable of wielding weapons or throwing items.
You cannot wear armour.
You gain extra lives every three experience levels.


Message History

The dart slug is almost dead.
Jessica shouts!
The dart slug completely misses you.
You scratch the dart slug.
You kill the dart slug!
The bat hits you but does no damage.
Jessica grins evilly.
Jessica drinks a potion.
Jessica flickers and vanishes for a moment.
A ball python comes into view.
Your Dodging skill increases to level 3!
Your Translocations skill increases to level 1!
Jessica gestures wildly while chanting.
Jessica blinks!
The ball python hisses angrily.
The bat misses you.
You scratch the worm. You bite the worm, but do no damage.
The worm is lightly wounded.
You scratch the worm.
The worm is lightly wounded.
The worm bites you.
You scratch the worm.
The worm is heavily wounded.
You scratch the worm.
The worm is severely wounded.
The worm barely misses you.
You scratch the worm but do no damage.
The worm is severely wounded.
The worm bites you!
Ouch! That really hurt!
* * * LOW HITPOINT WARNING * * *
You scratch the worm.
You kill the worm!
Jessica casts a spell.
Jessica seems to speed up.
Jessica mumbles some strange words.
Jessica blinks!
There is a stone staircase leading up here.
The bat hits you.
You die...

##### #...# #.#.#
#.#.# #.#.# # #.
#.#.#.#.. .## #
#.#.#.#.###...
#.#>...........
#..@b.#.#.....
#.#####.#.#.#.##
#...............
#######b#...######.#
#..b........†......
#@####.#....#######
#.# #.#..#.# #b#
#.#..#... #.#
#.#.)###...


You could see a bat.

Vanquished Creatures
  A worm (D:2)
  A dart slug (D:2)
  6 ball pythons
  An endoplasm (D:1)
  2 goblins (D:1)
  2 hobgoblins
  A kobold (D:1)
  3 bats (D:1)
  2 frilled lizards (D:1)
  5 rats (D:1)
24 creatures vanquished.

Notes
Turn   | Place    | Note
-------+----------+-------------------------------------------
     0 | D:1      | Descartes the Felid Transmuter began the quest for the Orb.
     0 | D:1      | Reached XP level 1. HP: 9/9 MP: 4/4
   453 | D:1      | Reached XP level 2. HP: 12/12 MP: 6/6
   603 | D:1      | Reached skill level 1 in Stealth
  1076 | D:2      | Noticed Jessica
  1080 | D:2      | Reached skill level 1 in Translocations
  1115 | D:2      | Slain by a bat

Illustrated notes

Levels and vault maps discovered:
D:1:      moated_graveyard_arrival, layout_loops_ring
D:2:      layout_basic, dreamdust_ecumenical_altar_statues, uniq_jessica

Skill      XL: |  1  2 |
---------------+-------+-----
Stealth        | 1 |  1.1
Dodging        | 3 |  3.0
Translocations | 1 |  1.1
Fighting       | |  1.3
Unarmed Combat | |  3.1
Spellcasting   | |  2.2
Transmutations | |  2.4
Invocations    | |  0.7

Action                   || total
-------------------------++-------
Melee: Unarmed           ||    63
       Bite              ||     5
 Stab: Sleeping          ||     4
Armor: Skin              ||    10
Dodge: Dodged            ||    48
